 Dungeon Crawl Stone Soup version 0.28.0-53-g5a82cb258f (webtiles) character file.

Game seed: 17314016996886426385

1736 adizb the Chopper (level 8, -9/102 (106) HPs)
             Began as a Red Draconian Monk on July 10, 2022.
             Was a Believer of the Shining One.
             Killed from afar by Maggie (13 damage)
             ... with a bolt of fire
             ... on level 7 of the Dungeon.
             The game lasted 00:35:28 (5424 turns).

adizb the Chopper (Red Draconian Monk)              Turns: 5424, Time: 00:35:33

HP:   -9/102 (106)  AC: 24    Str: 16    XL:     8   Next: 76%
MP:   12/12         EV:  2    Int: 16    God:    the Shining One [**....]
Gold: 340           SH:  0    Dex: 14    Spells: 10/13 levels left

rFire   . . .      SeeInvis .   l - +0 war axe
rCold   . . .      Faith    .   (no shield)
rNeg    + . .      Spirit   .   (armour unavailable)
rPois   +          Reflect  .   (helmet currently unavailable)
rElec   .          Harm     .   (cloak currently unavailable)
rCorr   .          Rampage  .   (gloves currently unavailable)
Will    .....      NoTele   +   (boots currently unavailable)
Stlth   +.........              o - amulet of magic regeneration
HPRegen 0.27/turn               c - +6 ring of intelligence
MPRegen 0.53/turn               m - ring of poison resistance

@: mighty, short of breath, tree-form (expiring), mesmerised, glowing, lightly
drained
A: stationary, stasis, torment immunity, boosted hp, (breathe fire), AC +6,
unfitting armour, (fire resistance 1), (cold-blooded)
a: Renounce Religion, Divine Shield


You were on level 7 of the Dungeon.
You worshipped the Shining One.
The Shining One was pleased with you.
You were a tree.
You visited 2 branches of the dungeon, and saw 8 of its levels.

You collected 340 gold pieces.

Inventory:

Hand Weapons
 a - a +0 hand axe
 l - a +0 war axe (weapon)
Missiles
 r - 3 javelins
 y - a curare-tipped dart
Armour
 b - a +2 pair of boots (melded)
 g - a +1 kite shield
Magical Staves
 x - a staff of conjuration
Jewellery
 c - a +6 ring of intelligence (left branch)
 h - a ring of magical power
 m - a ring of poison resistance (right branch)
 n - a ring of fire
 o - an amulet of magic regeneration (around neck)
 A - a ring of resist corrosion
Scrolls
 k - 2 scrolls of enchant armour
 p - a scroll of fog
 q - a scroll of torment {unknown}
 s - a scroll of noise {unknown}
 u - 2 scrolls of amnesia {unknown}
 w - a scroll of identify {unknown}
Potions
 d - 2 potions of berserk rage {unknown}
 e - a potion of magic {unknown}
 f - a potion of heal wounds {unknown}
 i - a potion of brilliance {unknown}
 j - a potion of might
 t - a potion of cancellation {unknown}
 z - a potion of haste {unknown}


   Skills:
 + Level 6.6 Fighting
 * Level 6.7 Axes
 + Level 4.7 Dodging
 - Level 2.1 Stealth
 + Level 3.2 Spellcasting
 * Level 5.1 Summonings


You had 10 spell levels left.
You knew the following spells:

 Your Spells              Type           Power      Damage    Failure   Level
a - Call Canine Familiar  Summ           19%        N/A       7%          3

Your spell library contained the following spells:

 Spells                   Type           Power      Damage    Failure   Level
 Summon Small Mammal      Summ           76%        N/A       2%          1
 Summon Guardian Golem    Hex/Summ       10%        N/A       19%         3
 Frozen Ramparts          Ice            4%         1d2       50%         3
 Ozocubu's Armour         Ice            2%         N/A       50%         3
 Portal Projectile        Hex/Tloc       4%         N/A       50%         3
 Summon Ice Beast         Ice/Summ       10%        N/A       54%         4
 Ice Form                 Ice/Tmut       2%         N/A       88%         4
 Blade Hands              Tmut           1%         N/A       99%         5
 Excruciating Wounds      Necr           1%         N/A       99%         5
 Metabolic Englaciation   Hex/Ice        1%         N/A       99%         5
 Simulacrum               Ice/Necr       1%         N/A       100%        6


Dungeon Overview and Level Annotations

Branches:
Dungeon (7/15)             Temple (1/1) D:5

Altars:
Cheibriados
Dithmenos
Elyvilon
Fedhas
Gozag
Hepliaklqana
Kikubaaqudgha
Makhleb
Nemelex Xobeh
Okawaru
Qazlal
Ru
Sif Muna
Trog
Uskayaw
Vehumet
Xom
Yredelemnul
Zin
The Shining One

Annotations:
D:7 Maggie


Innate Abilities, Weirdness & Mutations

You are a tree.
Your roots penetrate the ground, keeping you stationary.
You cannot be teleported.
You are immune to unholy pain and torment.
Your maximum health is greatly increased.
Your equipment is partially melded.
((You can breathe blasts of fire.))
((Your fiery red scales are hard. (AC +6)))
You cannot fit into any form of body armour.
((Your flesh is heat resistant. (rF+)))
((You are cold-blooded and may be slowed by cold attacks.))


Message History

* * * LOW HITPOINT WARNING * * *
You partially resist.
You feel drained.
* * * LOW HITPOINT WARNING * * *
The wight hits you from afar with a +4 halberd!
* * * LOW HITPOINT WARNING * * *
Okay, then.
It was a potion of lignification.
You turn into a tree.
Your +2 pair of boots melds into your body.
Your roots penetrate the ground.
Your hound bites the wight but does no damage.
The wight hits you but does no damage. Maggie hits you but does no damage.
Your hound bites the wight.
The wight hits you from afar with a +4 halberd.
* * * LOW HITPOINT WARNING * * *
You barely miss Maggie.
Your hound bites the wight but does no damage.
Maggie hits you but does no damage. The wight barely misses your hound.
The wight hits you but does no damage.
You slash Maggie!
Maggie is lightly wounded.
Your hound bites the wight but does no damage.
A wight comes into view.
It is wielding a +3 short sword of freezing.
Maggie hits you with a +0 vorpal long sword.
The Shining One protects you from harm!
* * * LOW HITPOINT WARNING * * *
The wight hits your hound with a +0 spear!
Your hound bites the wight.
The wight completely misses you.
Your magical contamination has completely faded away.
You slash Maggie!
Maggie is heavily wounded.
Your hound barely misses the wight.
Maggie hits you but does no damage.
The wight hits your hound but does no damage.
The wight hits you but does no damage.
Your hound barely misses the wight.
You slash Maggie!
Maggie is heavily wounded.
Your transformation is almost over.
Your hound bites the wight but does no damage.
Maggie casts a spell at you. The bolt of fire hits you!
You die...

#.##.# #.# . #>##.#
#.# #..<. #.##.# #.#
#.... #.##.#
#.####..#
#.##.###......##
#..........##..## .#.
####.......##z..#....
#######..@z...####
#.♣hz$......
############


You could see Maggie (mesmerising), 3 wights and a friendly hound (summoned).

Vanquished Creatures
  An orc warrior (D:4)
  3 black bears
  An ice beast (D:5)
  An ogre (D:5)
  A kobold brigand (D:7)
  A bullfrog (D:6)
  A scorpion (D:3)
  A wight (D:7)
  2 howler monkeys (D:7)
  4 hounds
  A gnoll shaman (D:4)
  3 iguanas
  4 orc wizards (D:5)
  4 gnolls (D:4)
  8 adders
  2 white imps
  An ufetubus (D:6)
  2 dart slugs (D:3)
  15 orcs
  5 bats
  9 endoplasms
  2 giant cockroaches
  8 goblins
  6 hobgoblins
  8 jackals
  6 quokkas
  8 ball pythons
  4 frilled lizards (D:1)
  4 kobolds
  2 rats (D:2)
118 creatures vanquished.

Vanquished Creatures (collateral kills)
  Menkaure (D:6)
  A black bear (D:5)
  A water moccasin zombie (D:5)
  A jelly (D:4)
  An orc priest (D:5)
  A worm (D:4)
  An endoplasm (D:4)
7 creatures vanquished.

Grand Total: 125 creatures vanquished

Notes
Turn   | Place    | Note
-------+----------+-------------------------------------------
     0 | D:1      | adizb the Draconian Monk began the quest for the Orb.
     0 | D:1      | Reached XP level 1. HP: 19/19 MP: 1/1
   133 | D:1      | Reached XP level 2. HP: 26/26 MP: 2/2
   503 | D:1      | Found a faded altar of an unknown god.
   727 | D:1      | Reached XP level 3. HP: 24/33 MP: 3/3
  1011 | D:2      | Reached XP level 4. HP: 25/40 MP: 4/4
  1488 | D:3      | Noticed a scorpion
  1590 | D:3      | Killed a scorpion
  1591 | D:3      | Reached XP level 5. HP: 12/47 MP: 5/5
  1610 | D:3      | Found a snail-covered altar of Cheibriados.
  1610 | D:3      | Found a white marble altar of Elyvilon.
  1611 | D:3      | Found a radiant altar of Vehumet.
  1613 | D:3      | Found a burning altar of Makhleb.
  1613 | D:3      | Found a shimmering altar of Xom.
  1613 | D:3      | Found a stormy altar of Qazlal.
  1864 | D:3      | Found a sparkling altar of Nemelex Xobeh.
  1875 | D:3      | Found a glowing silver altar of Zin.
  2134 | D:3      | Found an opulent altar of Gozag.
  2351 | D:4      | Reached skill level 1 in Summonings
  2509 | D:4      | Learned a level 3 spell: Call Canine Familiar
  2521 | D:4      | Reached skill level 1 in Spellcasting
  2523 | D:4      | Found a shadowy altar of Dithmenos.
  2553 | D:4      | Noticed a black bear
  2568 | D:4      | Killed a black bear
  2569 | D:4      | Reached skill level 5 in Fighting
  2569 | D:4      | Reached XP level 6. HP: 44/56 MP: 7/7
  2581 | D:4      | Found a sacrificial altar of Ru.
  2616 | D:4      | Found a hide-covered altar of Uskayaw.
  2681 | D:4      | Noticed an orc warrior
  3476 | D:4      | Killed an orc warrior
  3477 | D:4      | Your scales start taking on a fiery red colour.
  3477 | D:4      | Reached XP level 7. HP: 20/61 MP: 9/9
  3477 | D:4      | Gained mutation: Your flesh is heat resistant. (rF+) [Red
                  | Draconian growth]
  3538 | D:5      | Entered Level 5 of the Dungeon
  3574 | D:5      | Reached skill level 5 in Axes
  3991 | D:5      | Found an iron altar of Okawaru.
  4127 | D:5      | Found a staircase to the Ecumenical Temple.
  4136 | Temple   | Entered the Ecumenical Temple
  4284 | Temple   | Became a worshipper of the Shining One
  4284 | Temple   | Reached * piety under the Shining One
  4284 | Temple   | Reached ** piety under the Shining One
  4374 | D:5      | Reached XP level 8. HP: 55/70 MP: 11/11
  4843 | D:6      | Noticed Menkaure
  4852 | D:6      | Killed Menkaure
  5352 | D:7      | Reached skill level 5 in Summonings
  5410 | D:7      | Noticed Maggie
  5420 | D:7      | HP: 4/102 [wight/+4 halberd (4)]
  5422 | D:7      | The Shining One protects you from harm!
  5424 | D:7      | Killed from afar by Maggie

Illustrated notes

Levels and vault maps discovered:
D:1:      lightli_arrival_noodles, layout_basic, serial_glass, glass_columns_a,
          glass_columns_b, basic_ecumenical_altar, palyth_stone_intersect,
          serial_park_tiny_2
D:2:      layout_loops_cross
D:3:      layout_loops_ring, doesnt_xom_only_xom, grunt_gozag_breadcrumbs,
          mainiacjoe_overflow_big_doors
D:4:      layout_cave_pods, mainiacjoe_overflow_tiny_flanked,
          grunt_temple_overflow_open, corexii_item_surrounded_by_moat
D:5:      layout_basic, okawaru_trees_2, minmay_temple_entry_statues_pillars,
          wad_rectangle_vault
D:6:      layout_gridville, amcnicky_mini_corridor_feature, uniq_menkaure
D:7:      layout_loops_ring, grunt_ministairs_1, uniq_maggie
Temple:   minmay_temple_bridge_abc

Skill      XL: |  1  2  3  4  5  6  7  8 |
---------------+-------------------------+-----
Stealth        | 2 |  2.1
Dodging        | 3 4 |  4.7
Fighting       | 4 5 6 |  6.6
Axes           | 4 5 6 |  6.7
Summonings     | 1 2 3 5 |  5.1
Spellcasting   | 1 2 3 |  3.2

Action                   |  1- 3 |  4- 6 |  7- 9 || total
-------------------------+-------+-------+-------++-------
Melee: Hand axe          |   110 |    71 |       ||   181
       Tailslap          |     9 |    29 |    25 ||    63
       Punch             |     2 |       |     3 ||     5
       War axe           |       |    84 |   110 ||   194
Throw: Javelin           |       |     2 |       ||     2
       Throwing net      |       |     2 |       ||     2
 Cast: Call Canine Famil |       |     8 |     7 ||    15
 Abil: Breathe Fire      |       |       |    15 ||    15
  Use: Scroll            |       |     2 |     2 ||     4
       Potion            |       |       |     2 ||     2
 Stab: Sleeping          |     4 |     4 |       ||     8
       Distracted        |       |     3 |       ||     3
Armor: Skin              |    39 |    33 |    57 ||   129
Dodge: Dodged            |    75 |   105 |    96 ||   276
Block: Kite shield       |       |     9 |       ||     9
